Map: Ephemeron LE

Players

Mez

  • Race: Terran Terran
  • Spawn Location: 11:00

PatchToss - Winner!

  • Race: Protoss Protoss
  • League: Master
  • Spawn Location: 5:00

VOD

Have the link to the VOD?

Description

Time

  • Played on: Aug. 20, 2019, 5:54 p.m.
  • Length: 9:48
Show
View Real Time Build Order
Export as new Build Order

Mez Terran 

Build Orders: 2 Factory, Reaper Expand 

Get SALT Encoding   

  12  0:00  SCV  
  13  0:12  SCV  
  14  0:17  Supply Depot  
  14  0:26  SCV  
  15  0:39  SCV  
  15  0:41  Barracks  
  16  0:45  Refinery  
  16  0:51  SCV  
  17  1:03  SCV  
  18  1:15  SCV  
  19  1:29  Orbital Command, Reaper  
  20  1:42  Command Center  
  20  1:58  SCV  
  20  2:01  Marine  
  21  2:05  Bunker  
  22  2:12  SCV  
  22  2:14  Supply Depot  
  23  2:22  Factory  
  23  2:24  Barracks Reactor  
  23  2:35  SCV  
  24  2:42  Command Center  
  24  2:52  Factory  
  24  2:56  SCV  
  25  3:00  Marine x2  
  25  3:03  Orbital Command  
  27  3:10  SCV  
  28  3:14  Refinery  
  28  3:22  SCV, Marine x2  
  31  3:33  SCV  
  32  3:34  SCV  
  32  3:36  Widow Mine  
  32  3:39  Starport  
  35  3:43  Marine x2  
  35  3:45  SCV  
  35  3:46  SCV  
  35  3:47  Refinery  
  39  3:57  Orbital Command, SCV  
  39  3:58  SCV  
  39  4:00  Factory Tech Lab  
  41  4:09  Marine x2  
  43  4:10  SCV  
  43  4:11  SCV  
  43  4:17  Starport Tech Lab  
  45  4:18  Supply Depot  
  45  4:19  Siege Tank  
  48  4:26  SCV x2  
  48  4:27  SCV  
  51  4:38  Raven, SCV x2  
  53  4:39  SCV, Marine x2  
  53  4:42  Barracks  
  57  4:53  Siege Tank  
  57  4:55  SCV  
  57  4:56  SCV  
  60  5:07  SCV  
  60  5:08  SCV  
  60  5:09  Marine x2  
  60  5:12  Refinery, Barracks  
  60  5:13  SCV  
  65  5:15  Engineering Bay  
  65  5:18  Engineering Bay  
  65  5:23  Supply Depot  
  65  5:32  Starport Reactor  
  65  5:33  SCV x3  
  68  5:37  Supply Depot  
  68  5:38  Marine  
  68  5:39  Supply Depot, Stimpack  
  69  5:44  Marine  
  69  5:45  Marauder, SCV  
  69  5:48  Terran Infantry Armor Level 1, Factory Reactor, Terran Infantry Weapons Level 1  
  73  5:55  SCV x2  
  75  6:04  Barracks  
  75  6:05  Supply Depot, Barracks  
  75  6:06  Supply Depot  
  75  6:08  SCV  
  75  6:09  Marauder x2, SCV  
  81  6:11  Marine x2  
  82  6:29  Orbital Command, Marine x2  
  82  6:31  Marauder, Medivac x2  
  90  6:33  Widow Mine x2  
  90  6:38  Supply Depot, SCV x2  
  96  6:40  Supply Depot, Armory  
  100  6:54  Barracks Tech Lab, Marauder x2, Marine, Barracks Reactor  
  100  6:56  SCV x3  
  104  7:05  Supply Depot, Medivac  
  104  7:06  Supply Depot  
  104  7:08  Combat Shield, SCV x2  
  106  7:12  Marine  
  106  7:14  SCV  
  114  7:15  Marauder  
  114  7:16  Marauder  
  114  7:17  Refinery  
  114  7:20  Refinery, SCV x2  
  116  7:27  Concussive Shells  
  116  7:29  Supply Depot  
  116  7:32  Marauder, Marine x4  
  116  7:36  Marine  
  125  7:37  Marauder  
  125  7:38  Ghost Academy  
  125  7:40  SCV x2  
  127  7:45  Medivac x2  
  127  7:46  Supply Depot  
  127  7:49  Marine  
  132  7:53  Widow Mine, Marauder  
  132  7:54  Widow Mine, SCV x2  
  140  7:59  Supply Depot  
  140  8:01  Supply Depot  
  140  8:04  Marauder x2, Marine x3  
  147  8:15  Marauder, Medivac x2  
  153  8:23  Marine x4  
  153  8:25  Ghost x2  
  153  8:26  Supply Depot  
  161  8:35  Ghost  
  161  8:36  Supply Depot x2  
  163  8:43  Command Center  
  163  9:03  Marauder, Marine x3  
  163  9:04  Marauder, Marine x2  
  163  9:06  Starport  
Show
View Real Time Build Order
Export as new Build Order

PatchToss Protoss - Winner!

Build Orders: 1 Gate Expand, Phoenix Opening, Blink Stalkers, Zealot Archon 

Get SALT Encoding   

  12  0:00  Probe  
  13  0:12  Probe  
  14  0:18  Pylon  
  14  0:24  Probe  
  15  0:32  Probe  
  15  0:39  Gateway  
  15  0:40  Probe  
  16  0:48  Assimilator  
  17  0:51  Probe  
  18  1:03  Probe  
  19  1:15  Probe  
  20  1:27  Cybernetics Core  
  20  1:36  Nexus  
  20  1:39  Probe  
  21  1:46  Pylon  
  21  1:54  Probe, Adept, Assimilator  
  22  2:06  Probe  
  22  2:07  Warp Gate  
  25  2:18  Probe  
  25  2:29  Sentry  
  27  2:30  Probe  
  28  2:41  Probe  
  29  2:45  Shield Battery  
  29  2:48  Probe  
  29  2:49  Probe  
  29  2:50  Twilight Council  
  29  2:55  Stalker  
  29  2:56  Probe  
  29  2:58  Probe  
  35  3:06  Phoenix  
  35  3:09  Gateway, Probe  
  35  3:10  Probe  
  37  3:19  Blink  
  37  3:21  Probe  
  37  3:22  Probe  
  39  3:35  Probe  
  39  3:36  Probe  
  39  3:37  Pylon  
  41  3:42  Robotics Facility  
  41  3:48  Probe x2  
  43  4:00  Probe x2  
  45  4:03  Assimilator, Stalker x2  
  49  4:10  Pylon  
  49  4:12  Probe  
  49  4:15  Probe  
  51  4:18  Assimilator  
  51  4:22  Observer  
  52  4:24  Probe  
  52  4:27  Probe  
  52  4:30  Stalker x2  
  58  4:36  Probe  
  59  4:40  Observer  
  60  5:02  Probe  
  60  5:06  Probe  
  58  5:07  Nexus  
  58  5:10  Pylon  
  58  5:12  Pylon  
  58  5:13  Robotics Bay  
  58  5:14  Probe  
  59  5:15  Forge  
  59  5:17  Gateway  
  59  5:20  Gateway  
  58  5:32  Shield Battery  
  58  5:35  Stalker x2  
  58  5:36  Immortal  
  58  5:37  Protoss Ground Weapons Level 1  
  66  6:04  Gateway  
  66  6:05  Gateway  
  66  6:07  Gateway  
  66  6:08  Colossus  
  66  6:09  Gateway  
  66  6:10  Stalker  
  68  6:15  Charge  
  68  6:17  Extended Thermal Lance  
  74  6:21  Probe  
  74  6:25  Probe x2  
  77  6:33  Probe  
  77  6:37  Probe, Sentry  
  77  6:38  Zealot  
  83  6:44  Probe  
  84  6:47  Probe  
  84  6:49  Probe  
  86  6:56  Probe  
  86  6:59  Probe  
  86  7:01  Probe  
  89  7:07  Templar Archives  
  89  7:11  Zealot x2  
  89  7:12  Observer  
  93  7:15  Pylon  
  93  7:17  Pylon  
  93  7:19  Pylon  
  93  7:20  Pylon  
  93  7:21  Pylon  
  93  7:22  Pylon  
  93  7:23  Colossus  
  93  7:27  Pylon  
  93  7:33  Probe x2  
  101  7:37  Zealot x5  
  101  7:38  Zealot  
  113  7:47  High Templar x2  
  117  7:53  Archon  
  117  7:54  Observer  
  117  8:01  Zealot  
  117  8:02  Zealot x5  
  129  8:05  Warp Prism  
  129  8:07  Pylon  
  129  8:09  Observer  
  131  8:23  Zealot  
  131  8:24  Zealot x5  
  131  8:25  Zealot x2  
  147  8:36  Observer  
  147  8:40  Pylon  
  147  8:41  Pylon  
  147  8:43  Pylon  
  148  8:55  Zealot x8  
  156  9:22  Zealot x3  
  156  9:23  Zealot x5  
  106  9:47  Zealot x8  
Tags
 
Add a new tag
Caveats
  • Supply blocks, unpowered buildings, or Contaminate may cause inaccurate times.
  • Supply counts are checked every 10 seconds.